 Dungeon Crawl Stone Soup version 0.29-a0-613-gf2c431b9b9 (webtiles) character file.

Game seed: 13745826126477612753

3173 zeratav the Arsonist (level 9, -1/72 (76) HPs)
             Began as an Octopode Fire Elementalist on June 16, 2022.
             Was an Initiate of Gozag.
             Slain by a wight
             ... wielding a +0 trident
              (2 damage)
             ... on level 7 of the Dungeon.
             The game lasted 00:21:33 (9600 turns).

zeratav the Arsonist (Octopode Fire Elementalist)   Turns: 9600, Time: 00:21:33

HP:   -1/72 (76)    AC: 24    Str:  7    XL:     9   Next: 94%
MP:   10/19         EV:  2    Int: 21    God:    Gozag
Gold: 788           SH:  0    Dex: 13    Spells: 19/22 levels left

rFire   + . .      SeeInvis +   s - +6 dagger of Compound Interest {protect, rCorr SInv, short}
rCold   . . .      Faith    .   (no shield)
rNeg    . . .      Spirit   .   (helmet currently unavailable)
rPois   +          Reflect  .   (no amulet)
rElec   .          Harm     .   c - ring of protection from fire
rCorr   +          Rampage  .   y - ring of poison resistance
Will    .....      NoTele   +   (no ring)
Stlth   +++.......              (no ring)
HPRegen 0.22/turn               (no ring)
MPRegen 0.16/turn               (no ring)
                                (no ring)
                                (no ring)

@: tree-form, gold aura, drained
A: stationary, stasis, torment immunity, boosted hp, almost no armour,
(amphibious), 8 rings, (camouflage 1), (gelatinous body 1), (nimble swimmer 1),
(tentacles)
a: Renounce Religion, Potion Petition, Call Merchant, Bribe Branch


You were on level 7 of the Dungeon.
You worshipped Gozag.
Gozag was pleased with you.
You were a tree.
You visited 2 branches of the dungeon, and saw 10 of its levels.

You collected 907 gold pieces.
You spent 14 gold pieces at shops.
You paid 105 gold pieces to Gozag.


Innate Abilities, Weirdness & Mutations

You are a tree.
Your roots penetrate the ground, keeping you stationary.
You cannot be teleported.
You are immune to unholy pain and torment.
Your maximum health is greatly increased.
You cannot wear most types of armour.
((You are amphibious.))
You can wear up to eight rings at the same time.
((Your skin changes colour to match your surroundings (Stealth+).))
((Your rubbery body absorbs attacks. (AC +1, EV +1)))
((You are camouflaged when in or above water. (Stealth+)))
((You have tentacles for arms and can constrict up to eight enemies at once.))


   Skills:
 - Level 2.0 Dodging
 - Level 5.0 Stealth
 + Level 7.0 Spellcasting
 - Level 1.0 Conjurations
 - Level 10.4 Fire Magic
 * Level 2.5 Air Magic
 + Level 4.2 Evocations


You had 19 spell levels left.
You knew the following spells:

 Your Spells              Type           Power      Damage    Failure   Level
a - Scorch                Fire           100%       2d10      1%          2
b - Foxfire               Conj/Fire      100%       2x1d9     1%          1

Your spell library contained the following spells:

 Spells                   Type           Power      Damage    Failure   Level
 Conjure Flame            Conj/Fire      31%        6-21      2%          3
 Inner Flame              Hex/Fire       29%        N/A       3%          3
 Static Discharge         Conj/Air       14%        N/A       6%          2
 Poisonous Vapours        Pois/Air       24%        N/A       8%          2
 Apportation              Tloc           14%        N/A       9%          1
 Flame Wave               Conj/Fire      31%        2d8       9%          4
 Lesser Beckoning         Tloc           7%         N/A       26%         3
 Lightning Bolt           Conj/Air       7%         1d19      75%         5
 Dispersal                Tloc           3%         N/A       100%        6
 Maxwell's Capacitive Co  Air            8%         ∞         100%        8
 Corpse Rot               Necr/Pois/Air  Unusable   N/A       N/A         4
 Animate Armour           Summ/Erth      Unusable   N/A       N/A         4

Inventory:

Hand Weapons
 s - the +6 dagger of Compound Interest (weapon) {protect, rCorr SInv, short}
   (You found it on level 3 of the Dungeon)

   It grants its wielder temporary protection when it strikes (+7 to AC).
   SInv:      It lets you see invisible.
   rCorr:     It protects you from acid and corrosion.
Missiles
 z - 5 poisoned darts (quivered) {throwing}
Jewellery
 c - a ring of protection from fire (left branch)
   (You found it on level 1 of the Dungeon)
 y - a ring of poison resistance (right branch)
   (You found it on level 9 of the Dungeon)
Wands
 h - a wand of digging (2)
   (You took it off Duvessa on level 5 of the Dungeon)
 p - a wand of flame (20)
   (You found it on level 7 of the Dungeon)
 x - a wand of charming (32)
   (You found it on level 5 of the Dungeon)
 C - a wand of acid (8)
   (You found it on level 7 of the Dungeon)
Scrolls
 d - a scroll of vulnerability {unknown}
 e - 3 scrolls of amnesia
 f - 2 scrolls of noise {unknown}
 g - 2 scrolls of magic mapping {!r}
 i - a scroll of silence {!r}
 j - 4 scrolls of teleportation {unknown}
 l - 2 scrolls of blinking {unknown}
 o - 2 scrolls of immolation {unknown}
 r - a scroll of fog
 A - a scroll of enchant weapon
 B - a scroll of summoning
Potions
 a - a potion of magic
 b - a potion of haste {@q3}
 k - a potion of brilliance
 m - a potion of heal wounds {unknown}
 n - 2 potions of attraction {unknown}
 q - 2 potions of cancellation {unknown}
 t - 2 potions of mutation {unknown}
 u - a potion of invisibility {unknown}
 v - 6 potions of lignification {!q}
 w - 3 potions of flight {unknown}

Dungeon Overview and Level Annotations

Branches:
Dungeon (9/15) Zot: 25505  Temple (1/1) D:5 Zot: 5830     Orc (0/2) D:9
   Lair: D:8-11

Altars:
Ashenzari
Cheibriados
Dithmenos
Elyvilon
Fedhas
Gozag
Hepliaklqana
Kikubaaqudgha
Makhleb
Okawaru
Qazlal
Sif Muna
Trog
Wu Jian
Xom
Yredelemnul
Zin
The Shining One

Shops:
D:5 (   D:7 *(

Annotations:
D:9 Erolcha

###.#......#..##.##.......
##.##..##.#..##......oo..
##..###..#................
##........#..........####
.......(..............####
#......###..............!.
#......#####.....z$..#####
#..............yzo......#
..#....####....$♣.z#....#
.##............yyy........
.##.......................
$
.##.......................
..####..................##
#.##..........#######....
............#.# .##.
..............# . $
......#.....<.####


You could see 4 killer bees, 3 wights, an orc wizard and an orc.


Message History

The orc hits you but does no damage. The wight hits you but does no damage.
The killer bee stings you but does no damage. x2
The killer bee stings you.
The killer bee stings you but does no damage. x2
HP[-3] MP[+1]
You take 3 damage, and now have 53/76 hp.
You barely miss the killer bee.
The killer bee stings you but does no damage. x5
The orc hits you with a +0 hand axe. The orc hits you but does no damage.
The wight hits you but does no damage.
The killer bee stings you but does no damage. x3
The killer bee completely misses you.
The killer bee stings you but does no damage.
HP[-4]
You take 4 damage, and now have 49/76 hp.
You miss the killer bee.
The killer bee stings you but does no damage.
The killer bee completely misses you.
The killer bee stings you but does no damage. x3
The orc hits you but does no damage. x2; The wight hits you but does no damage.
The killer bee stings you but does no damage. x3
The killer bee stings you.
The killer bee stings you but does no damage.
HP[-3]
You take 3 damage, and now have 46/76 hp.
You hit the killer bee.
You kill the killer bee!
The killer bee stings you. The killer bee completely misses you.
The killer bee stings you but does no damage.
The killer bee barely misses you. The wight barely misses you.
The orc hits you but does no damage. x2; The wight hits you but does no damage.
The killer bee stings you but does no damage.
The killer bee stings you.
The killer bee stings you but does no damage. x2
Your Spellcasting skill increases to level 7!
HP[-6]
You take 6 damage, and now have 40/76 hp.
You completely miss the killer bee. The killer bee stings you.
The killer bee stings you but does no damage.
The killer bee barely misses you.
The killer bee stings you but does no damage.
The wight hits you but does no damage. The orc hits you but does no damage. x2
The wight hits you with a +1 morningstar!
* * * LOW HITPOINT WARNING * * *
The killer bee stings you but does no damage. x4
HP[-10]
You take 10 damage, and now have 30/76 hp.
You barely miss the killer bee. Your punch misses the killer bee.
The killer bee stings you!
* * * LOW HITPOINT WARNING * * *
The killer bee stings you but does no damage. x3
The wight hits you from afar with a +0 trident.
* * * LOW HITPOINT WARNING * * *
The orc hits you but does no damage. x2
The wight hits you with a +1 morningstar.
* * * LOW HITPOINT WARNING * * *
You feel drained. The killer bee stings you.
* * * LOW HITPOINT WARNING * * *
The killer bee stings you but does no damage. x2
The killer bee stings you!
* * * LOW HITPOINT WARNING * * *
HP[-19]
You now have 75 max hp (-1).
You take 19 damage, and now have 11/75 hp.
MASSIVE DAMAGE!! (PAUSE)
You miss the killer bee. The killer bee stings you.
* * * LOW HITPOINT WARNING * * *
The killer bee stings you but does no damage. x2
The killer bee is distracted by your dazzling golden aura.
The wight hits you from afar with a +0 trident.
* * * LOW HITPOINT WARNING * * *
You feel drained. The orc hits you but does no damage. x2
The wight hits you but does no damage. The killer bee barely misses you.
The killer bee stings you but does no damage. x2
HP[-6] MP[+1]
You now have 72 max hp (-3).
You take 6 damage, and now have 5/72 hp.
Casting: Scorch (safe; 1% risk of failure)
Confirm with . or Enter, or press ? or * to list all spells.
Flames lash the orc.
You kill the orc!
The killer bee stings you but does no damage. x3
The wight hits you but does no damage. The orc hits you but does no damage.
An orc wizard comes into view. It is wielding a +0 dagger.
The killer bee stings you but does no damage. x3
MP[-2]
You now have 73 max hp (+1).
You lost 2 mp, and now have 12/19 mp.
Casting: Scorch (safe; 1% risk of failure)
Confirm with . or Enter, or press ? or * to list all spells.
Flames lash the wight.
The wight's fire resistance burns away.
The killer bee is no longer distracted by gold.
The killer bee stings you but does no damage.
The killer bee barely misses you.
The killer bee stings you but does no damage.
The killer bee barely misses you.
The wight hits you from afar with a +0 trident.
* * * LOW HITPOINT WARNING * * *
You feel drained.
You die...
Your body crumbles into a pile of gold.

Skill      XL: |  1  2  3  4  5  6  7  8  9 |
---------------+----------------------------+-----
Stealth        | 3 4 5 |  5.0
Fire Magic     | 4 5 7 9 10 | 10.4
Spellcasting   | 3 4 5 7 |  7.0
Evocations     | 4 |  4.2
Air Magic      | 2 |  2.5
Dodging        | |  2.0
Conjurations   | |  1.0

Action                   |  1- 3 |  4- 6 |  7- 9 || total
-------------------------+-------+-------+-------++-------
Melee: Unarmed           |     1 |       |       ||     1
       Club              |    20 |     7 |       ||    27
       Tentacles         |     5 |     2 |     3 ||    10
       Constrict         |     5 |     5 |     2 ||    12
       Dagger            |       |    11 |    17 ||    28
Throw: Dart              |       |    14 |    62 ||    76
 Cast: Foxfire           |     8 |       |     2 ||    10
       Scorch            |    39 |    31 |   152 ||   222
Evoke: Wand              |       |       |    13 ||    13
  Use: Scroll            |       |       |     9 ||     9
       Potion            |       |       |     1 ||     1
 Stab: Sleeping          |       |     1 |       ||     1
Armor: Skin              |       |     2 |    98 ||   100
Dodge: Dodged            |    17 |    14 |    57 ||    88

Levels and vault maps discovered:
D:1:      erik_arrival_blinker_ship, layout_basic,
          ebering_ecumenical_altar_sacrificial, minmay_misc_feat_encased
D:2:      layout_loops_ring, minivault_26, st_stairs_13, grunt_ministairs_8
D:3:      layout_loops_corners, uniq_ijyb
D:4:      layout_basic, lemuel_doored_altar, elyvilon_altar_4, uniq_pikel
D:5:      layout_cave_pools, gammafunk_temple_overflow_statue,
          mainiacjoe_overflow_surrounded_room, minmay_temple_entry_hall,
          nicolae_stop_n_shop_2, nicolae_fountain_basement, uniq_duvessa
D:6:      nicolae_cairo_tiling_large_dashed, layout_cave_pools,
          grunt_temple_overflow_growth_and_decay, xom_teletrap_fun,
          serial_gnoll_camp, gnoll_camp_mini_basic, gnoll_camp_mini_hut,
          gnoll_camp_medium_02, gnoll_camp_mini_hut, gnoll_camp_mini_loothouse
D:7:      layout_rooms, lemuel_coloured_pillars_altar, serial_shops, shop,
          nicolae_shop_hallway_stairs
D:8:      layout_gridville, nicolae_overflow_hidden_temple,
          mainiacjoe_overflow_catwalk_spiral, serial_bayou,
          serial_bayou_lagoon_b, serial_bayou_pond_c, serial_bayou_pond_c,
          serial_bayou_crossing
D:9:      layout_cave_pods, kennysheep_little_box, david_orc_3, uniq_grum,
          uniq_erolcha
Temple:   compressed_dpeg_triangle_lava_temple

Notes
Turn   | Place    | Note
-------+----------+-------------------------------------------
     0 | D:1      | zeratav the Octopode Fire Elementalist began the quest for
                  | the Orb.
     0 | D:1      | Reached XP level 1. HP: 11/11 MP: 3/3
     0 | D:1      | magus.rc [v1.9.6]
   205 | D:1      | Reached skill level 3 in Stealth
   205 | D:1      | Reached XP level 2. HP: 17/17 MP: 1/5
   260 | D:1      | Learned a level 2 spell: Scorch
   326 | D:1      | Found a faded altar of an unknown god.
   923 | D:1      | Reached XP level 3. HP: 16/21 MP: 1/6
   928 | D:1      | You pick up a book of Vapours and begin reading...
   928 | D:1      | You add the spells Poisonous Vapours and Corpse Rot to your
                  | library.
  1305 | D:1      | You pick up a book of Lightning and begin reading...
  1305 | D:1      | You add the spells Static Discharge, Lightning Bolt and
                  | Maxwell's Capacitive Coupling to your library.
  1616 | D:2      | You add the spells Apportation, Lesser Beckoning and
                  | Dispersal to your library.
  1616 | D:2      | Got Zozaqaemiygi's Reference Book on the Escort and
                  | Dislocation
  2586 | D:3      | Noticed a scorpion
  2593 | D:3      | Killed a scorpion
  2594 | D:3      | Reached skill level 4 in Stealth
  2594 | D:3      | Reached skill level 4 in Fire Magic
  2594 | D:3      | Reached XP level 4. HP: 27/27 MP: 0/8
  2712 | D:3      | Reached XP level 5. HP: 30/31 MP: 2/9
  2812 | D:3      | Reached skill level 3 in Spellcasting
  3078 | D:3      | Identified the +6 dagger of Compound Interest {protect,
                  | rCorr SInv}
  3107 | D:3      | Noticed Ijyb
  3121 | D:3      | Killed Ijyb
  3258 | D:3      | You pick up a book of Vapours and begin reading...
  3485 | D:3      | Noticed an ogre
  3495 | D:3      | Killed an ogre
  3496 | D:3      | Reached skill level 5 in Stealth
  3496 | D:3      | Reached skill level 5 in Fire Magic
  3496 | D:3      | Reached XP level 6. HP: 36/36 MP: 5/11
  4171 | D:4      | Found a bloodstained altar of Trog.
  4317 | D:4      | Found a white marble altar of Elyvilon.
  4394 | D:4      | Noticed Pikel
  4406 | D:4      | HP: 9/36 [Pikel/+2 whip of flaming (8)]
  4407 | D:4      | HP: 4/36 [Pikel/+2 whip of flaming (4)]
  4408 | D:4      | Killed Pikel
  4409 | D:4      | Reached skill level 4 in Spellcasting
  4409 | D:4      | Reached skill level 7 in Fire Magic
  4409 | D:4      | Reached XP level 7. HP: 3/41 MP: 5/13
  4946 | D:4      | Reached XP level 8. HP: 33/46 MP: 5/15
  5230 | D:5      | Entered Level 5 of the Dungeon
  5424 | D:5      | Reached skill level 5 in Spellcasting
  5524 | D:5      | Found Buptua's Weapon Emporium.
  5587 | D:5      | Noticed Dowan
  5589 | D:5      | Noticed Duvessa
  5601 | D:5      | Killed Duvessa
  5602 | D:5      | Reached skill level 8 in Fire Magic
  5605 | D:5      | Killed Dowan
  5914 | D:5      | Found a glowing silver altar of Zin.
  6054 | D:5      | Found a staircase to the Ecumenical Temple.
  6110 | Temple   | Entered the Ecumenical Temple
  6263 | Temple   | Became a worshipper of Gozag Ym Sagoz the Greedy
  6355 | D:5      | Found a basalt altar of Yredelemnul.
  6356 | D:5      | Found an ornate altar of the Wu Jian Council.
  6645 | D:6      | Reached skill level 9 in Fire Magic
  6838 | D:6      | Found a blossoming altar of Fedhas.
  6844 | D:6      | Found an ancient bone altar of Kikubaaqudgha.
  6861 | D:6      | You pick up a book of Flames and begin reading...
  7076 | D:6      | Reached XP level 9. HP: 51/51 MP: 14/17
  7100 | D:6      | Reached skill level 6 in Spellcasting
  7100 | D:6      | Reached skill level 1 in Evocations
  7568 | D:6      | You fall into a shaft and drop 2 floors!
  7568 | D:8      | Found an iron altar of Okawaru.
  7600 | D:9      | Noticed Erolcha
  7646 | D:9      | Reached skill level 2 in Evocations
  7808 | D:9      | Noticed Grum
  7818 | D:9      | Killed Grum
  7819 | D:9      | Reached skill level 10 in Fire Magic
  7854 | D:9      | Reached skill level 3 in Evocations
  8583 | D:6      | You pick up a book of Lightning and begin reading...
  8694 | D:6      | Reached skill level 1 in Air Magic
  8956 | D:6      | Found a shimmering altar of Xom.
  9000 | D:6      | Reached skill level 2 in Air Magic
  9000 | D:6      | Reached skill level 4 in Evocations
  9397 | D:7      | Found Raumiuq's Antique Weapon Shoppe.
  9398 | D:7      | Found Ahoutuul's General Store.
  9412 | D:7      | Bought a potion of degeneration for 14 gold pieces
  9596 | D:7      | Reached skill level 7 in Spellcasting
  9597 | D:7      | HP: 18/75 [killer bee (3)]
  9598 | D:7      | HP: 6/75 [killer bee (5)]
  9600 | D:7      | HP: 1/73 [wight/+0 trident (4)]
  9600 | D:7      | Slain by a wight

Vanquished Creatures
  Pikel (D:4)
  A wyvern (D:9)
  Grum (D:9)
  Duvessa (D:5)
  An ice beast (D:6)
  2 ogres
  A wolf (D:6)
  A kobold brigand (D:9)
  3 gnoll sergeants
  2 necrophages
  5 scorpions
  3 wights (D:9)
  Dowan (D:5)
  A killer bee (D:7)
  12 hounds
  4 jellies
  2 orc priests (D:6)
  2 gnoll shamans (D:6)
  Ijyb (D:3)
  4 iguanas
  2 orc wizards
  4 adders
  14 gnolls (D:6)
  3 ufetubi
  3 worms
  2 dart slugs
  18 orcs
  10 ball pythons
  4 bats
  5 endoplasms
  3 giant cockroaches
  6 goblins
  7 hobgoblins
  5 jackals
  2 quokkas (D:4)
  2 frilled lizards (D:2)
  11 kobolds
  2 rats
152 creatures vanquished.

Vanquished Creatures (collateral kills)
  A gnoll (D:6)
1 creature vanquished.

Vanquished Creatures (others)
  20 foxfires
  3 withered plants (D:6)
23 creatures vanquished.

Grand Total: 176 creatures vanquished

Table legend:
 A = Non-vault XP
 B = Vault XP
 C = Vault XP percentage of total XP
 D = Non-vault monster count
 E = Vault monster count
 F = Vault count percentage of total count
                 A         B        C        D         E       F
            +---------+---------+-------+---------+---------+-------
      Total |    2661 |    1872 |  41.3 |     122 |      31 |  20.3
            +---------+---------+-------+---------+---------+-------
        D:1 |      45 |       0 |   0.0 |      24 |       0 |   0.0
        D:2 |      29 |       5 |  14.7 |      15 |       3 |  16.7
        D:3 |     278 |      39 |  12.3 |      15 |       1 |   6.2
        D:4 |     265 |     617 |  70.0 |      11 |       1 |   8.3
        D:5 |     500 |     304 |  37.8 |      11 |       3 |  21.4
        D:6 |     701 |     714 |  50.5 |      27 |      22 |  44.9
        D:7 |     296 |       0 |   0.0 |       9 |       0 |   0.0
        D:9 |     547 |     193 |  26.1 |      10 |       1 |   9.1
            +---------+---------+-------+---------+---------+-------

Illustrated notes

Table legend:
 A = Kills in this place as a percentage of kills in entire the game.
 B = Kills by you in this place as a percentage of kills by you in the entire game.
 C = Kills by friends in this place as a percentage of kills by friends in the entire game.
 D = Other kills in this place as a percentage of other kills in the entire game.
 E = Experience gained in this place as a percentage of experience gained in the entire game.
 F = Experience gained in this place divided by the number of levels of this place that you have seen.
                   A       B       C       D       E      F
               +-------+-------+-------+-------+-------+----------------------
         Total | 100.0 | 100.0 | 100.0 |   N/A | 100.0 | 453.3
       Dungeon | 100.0 | 100.0 | 100.0 |   N/A | 100.0 | 503.7
               +-------+-------+-------+-------+-------+----------------------

Table legend: (Time is in decaauts)
 A = Elapsed time spent in this place.
 B = Non-inter-level travel time spent in this place.
 C = Inter-level travel time spent in this place.
 D = Time resting spent in this place.
 E = Time spent auto-exploring this place.
 F = Levels seen in this place.
 G = Mean time per level.
                   A        B        C        D        E       F      G
               +--------+--------+--------+--------+--------+-----+--------+
         Total |   9612 |   9252 |    360 |   1974 |   5841 |  10 |  961.2 |
       Dungeon |   9442 |   9098 |    344 |   1974 |   5697 |   9 | 1049.1 |
        Temple |    169 |    153 |     16 |      0 |    144 |   1 |  169.0 |
               +--------+--------+--------+--------+--------+-----+--------+

Top non-repeatable levels by time:
     D:6: 1770 daAuts
     D:4: 1616 daAuts
     D:1: 1561 daAuts
     D:3: 1379 daAuts
     D:5: 1197 daAuts
     D:2: 1050 daAuts
     D:9: 329 daAuts
     D:7: 328 daAuts
     D:8: 208 daAuts
  Temple: 169 daAuts
